 Dungeon Crawl Stone Soup version 0.22-b1-21-g5cfc168 (webtiles) character file.

530 letownia2 the Insei (level 7, 11/50 HPs)
             Began as a Demonspawn Gladiator on Aug 3, 2018.
             Quit the game in an ossuary.
             The game lasted 00:04:53 (749 turns).

letownia2 the Insei (Demonspawn Gladiator)           Turns: 749, Time: 00:04:53

Health: 11/50      AC:  6    Str: 15    XL:     7   Next: 3%
Magic:  7/7        EV: 12    Int: 10    God:
Gold:   21         SH:  4    Dex: 15    Spells: 6/6 levels left

rFire    . . .     SeeInvis .     - Unarmed
rCold    . . .     Gourm    .   (no shield)
rNeg     . . .     Faith    .   g - +0 ring mail
rPois    .         Spirit   .   b - +0 helmet
rElec    .         Reflect  .   (no cloak)
rCorr    .         Harm     .   (no gloves)
MR       +....     Rnd*Tele +   (no boots)
Stlth    +.........             (no amulet)
HPRegen  0.16/turn              k - ring of teleportation (curse)
MPRegen  0.10/turn              m - ring of protection from magic

@: no status effects
A: large bone plates 1, demonic guardian 1, rot immunity
a: no special abilities


You were in an ossuary.
You were not hungry.

You visited 1 branch of the dungeon, and saw 4 of its levels.
You also visited: Ossuary.

You collected 99 gold pieces.
You spent 78 gold pieces at shops.

Inventory:

Missiles
 c - 2 throwing nets (quivered)
 h - 13 sling bullets
 i - 46 bolts
Armour
 a - a +0 leather armour
 b - a +0 helmet (worn)
 g - a +0 ring mail (worn)
 u - a cursed +0 scale mail
Jewellery
 k - a cursed ring of teleportation (left hand)
 m - a ring of protection from magic (right hand)
Wands
 t - a wand of digging (15)
Scrolls
 e - a scroll of immolation {unknown}
 f - a scroll of remove curse {unknown}
 j - 2 scrolls of teleportation
 n - a scroll of identify {unknown}
 r - a scroll of fear
Potions
 l - a potion of haste {unknown}
 o - a potion of heal wounds {unknown}
 p - a potion of degeneration {unknown}
 q - a potion of mutation {unknown}
 s - a potion of curing {unknown}
Comestibles
 d - 4 rations


   Skills:
 - Level 2.0 Fighting
 - Level 1.7 Throwing
 - Level 2.6 Dodging
 + Level 7.4 Unarmed Combat


You had 6 spell levels left.
You didn't know any spells.
Your spell library was empty.

Dungeon Overview and Level Annotations

Branches:
Dungeon (4/15)
 Temple: D:4-7

Altars:
Nemelex Xobeh

Shops:
D:4 ?

Annotations:
D:4 Dowan, Duvessa


Innate Abilities, Weirdness & Mutations

You are partially covered in large bone plates. (SH +4)
A weak demonic guardian rushes to your aid.
You are immune to rotting.


Message History

You hit the human zombie.
You punch the human zombie, but do no damage.
The human zombie is lightly damaged.
The human zombie hits you.
* * * LOW HITPOINT WARNING * * *
Unknown command.
You hit the elf zombie but do no damage.
The elf zombie is almost destroyed.
Unknown command.
You punch the elf zombie!
The elf zombie is almost destroyed.
The elf zombie closely misses you. The human zombie misses you.
Unknown command.
You hit the elf zombie.
You destroy the elf zombie!
You have reached level 7!
Your demonic ancestry asserts itself...
Large bone plates grow over parts of your arms.
There is a gate leading back out of this place here.
Are you sure you want to abandon this character and quit the game? (Confirm with "yes".)

#.......................#..
..........................
..##...............##.....
...##...............##.....
...........................
...........................
#.......MZ#####.........+##
#.........M.............#!!
+...........@...5.......#!!
###########################


You could see 2 mummies, a human zombie and a friendly shadow imp.

Vanquished Creatures
  Pikel (D:4)
  An elf zombie (Ossuary)
  A human zombie (Ossuary)
  A hound (D:4)
  A mummy (Ossuary)
  4 adders
  A worm (D:3)
  A leopard gecko (D:2)
  An orc (D:4)
  A giant cockroach (D:2)
  2 goblins
  3 hobgoblins
  4 jackals (D:3)
  3 bats
  4 frilled lizards
  2 orc zombies (Ossuary)
  2 rats
33 creatures vanquished.

Vanquished Creatures (collateral kills)
  A howler monkey (D:4)
  2 hound zombies (Ossuary)
  A mummy (Ossuary)
  A giant cockroach (D:4)
  3 gnoll zombies (Ossuary)
  A quokka (D:2)
  A hobgoblin zombie (Ossuary)
  An orc zombie (Ossuary)
11 creatures vanquished.

Grand Total: 44 creatures vanquished

Notes
Turn   | Place    | Note
-------+----------+-------------------------------------------
     0 | D:1      | letownia2 the Demonspawn Gladiator began the quest for the Orb.
     0 | D:1      | Reached XP level 1. HP: 16/16 MP: 1/1
    98 | D:1      | Reached skill level 3 in Unarmed Combat
   115 | D:2      | Found a sparkling altar of Nemelex Xobeh.
   181 | D:2      | Gained mutation: A weak demonic guardian rushes to your aid. [demonic ancestry]
   181 | D:2      | Reached XP level 2. HP: 6/22 MP: 2/2
   259 | D:2      | Reached XP level 3. HP: 13/27 MP: 3/3
   280 | D:2      | Reached skill level 4 in Unarmed Combat
   453 | D:4      | Noticed Duvessa
   455 | D:4      | Noticed Dowan
   456 | D:4      | Reached XP level 4. HP: 24/33 MP: 4/4
   542 | D:4      | Noticed a slave
   543 | D:4      | Noticed Pikel
   543 | D:4      | Noticed a slave
   544 | D:4      | Noticed a slave
   544 | D:4      | Noticed a slave
   562 | D:4      | Killed Pikel
   562 | D:4      | Reached skill level 6 in Unarmed Combat
   562 | D:4      | Gained mutation: You are immune to rotting. [demonic ancestry]
   562 | D:4      | Reached XP level 5. HP: 6/38 MP: 5/5
   562 | D:4      | Reached XP level 6. HP: 8/44 MP: 6/6
   564 | D:4      | Found Metinayl's Magic Scroll Shop.
   570 | D:4      | Bought a scroll of fear for 42 gold pieces
   570 | D:4      | Bought a scroll of teleportation for 36 gold pieces
   586 | D:4      | Found a sand-covered staircase.
   602 | Ossuary  | Entered an ossuary
   615 | Ossuary  | Reached skill level 7 in Unarmed Combat
   747 | Ossuary  | Gained mutation: You are partially covered in large bone plates. (SH +4) [demonic ancestry]
   747 | Ossuary  | Reached XP level 7. HP: 10/50 MP: 7/7
   749 | Ossuary  | Quit the game

Skill      XL: |  1  2  3  4  5  6 |
---------------+-------------------+-----
Unarmed Combat | 3 4 6 7 |  7.4
Fighting       | |  2.0
Throwing       | |  1.7
Dodging        | |  2.6

Action                   |  1- 3 |  4- 6 |  7- 9 || total
-------------------------+-------+-------+-------++-------
Melee: Unarmed           |   111 |    53 |       ||   164
       Punch             |     1 |     6 |       ||     7
Throw: Throwing net      |       |     1 |       ||     1
Armor: Ring mail         |    48 |    14 |       ||    62
       Leather armour    |     3 |       |       ||     3
Dodge: Dodged            |    57 |    26 |       ||    83
